 Dungeon Crawl Stone Soup version 0.19.5 (webtiles) character file.

4736 McKennaii the Thaumaturge (level 10, -4/52 HPs)
             Began as a Deep Elf Fire Elementalist on May 14, 2017.
             Was an Elder of Vehumet.
             Shot with a sling bullet by Joseph (16 damage)
             ... on level 9 of the Dungeon.
             The game lasted 00:25:11 (8539 turns).

McKennaii the Thaumaturge (DEFE)                    Turns: 8539, Time: 00:25:12

Health: -4/52      AC:  6    Str:  5    XL:     10   Next: 22%
Magic:  1/27       EV: 14    Int: 27    God:    Vehumet [****..]
Gold:   659        SH:  0    Dex: 15    Spells: 7 memorised, 14 levels left

rFire  + . .     SeeInvis .     u - +3 quarterstaff (chaos)
rCold  x . .     Gourm    .     a - +0 robe
rNeg   . . .     Faith    .     (shield currently unavailable)
rPois  .         Spirit   .     C - +0 helmet
rElec  .         Reflect  .     v - +1 cloak
rCorr  .         Harm     .     D - +0 pair of gloves
MR     +....                    (no boots)
Stlth  +++.......               (no amulet)
                                w - +3 ring of intelligence
                                k - ring of fire

@: no status effects
A: no striking features
a: Renounce Religion


You were on level 9 of the Dungeon.
You worshipped Vehumet.
Vehumet was greatly pleased with you.
You were not hungry.

You visited 2 branches of the dungeon, and saw 10 of its levels.

You collected 659 gold pieces.

Inventory:

Hand Weapons
 u - a +3 quarterstaff of chaos (weapon)
Armour
 a - a +0 robe (worn)
 v - a +1 cloak (worn)
 C - a +0 helmet (worn)
 D - a +0 pair of gloves (worn)
Rods
 P - a +1 rod of clouds (11/11)
   (You found it on level 9 of the Dungeon)
Jewellery
 k - a ring of fire (left hand)
 m - an uncursed ring of flight
 o - an uncursed ring of see invisible
 w - a +3 ring of intelligence (right hand)
 G - an uncursed amulet of guardian spirit {unknown}
 H - a +2 ring of intelligence
Wands
 s - a wand of polymorph (13/24)
 J - a wand of acid (4/15)
 L - a wand of paralysis (13/24)
 M - a wand of paralysis (11/24)
 O - a wand of digging (12/24)
 Q - a wand of random effects (20/48)
Scrolls
 h - 3 scrolls of identify
 j - a scroll of immolation {unknown}
 l - 3 scrolls of enchant armour
 n - 4 scrolls of recharging
 p - a scroll of noise {unknown}
 r - 4 scrolls of teleportation
 t - 2 scrolls of amnesia
 x - 6 scrolls of remove curse
 y - a scroll of fear {unknown}
 A - 2 scrolls of fog {unknown}
 N - a scroll of torment {unknown}
Potions
 d - a potion of might {unknown}
 e - 2 potions of brilliance
 f - 5 potions of flight {unknown}
 g - 2 potions of heal wounds {unknown}
 i - 2 potions of degeneration {unknown}
 q - 2 potions of curing {unknown}
 z - 2 potions of ambrosia {unknown}
 B - 2 potions of berserk rage {unknown}
 E - a potion of cure mutation {unknown}
 F - 2 potions of lignification {unknown}
 I - a potion of cancellation {unknown}
Books
 b - a book of Flames

   Spells                             Type                      Level
   a - Flame Tongue                   Conjuration/Fire             1
   b - Throw Flame                    Conjuration/Fire             2
   c - Conjure Flame                  Conjuration/Fire             3
   d - Inner Flame                    Hexes/Fire                   3
   e - Sticky Flame                   Conjuration/Fire             4
   f - Fireball                       Conjuration/Fire             5
Comestibles
 c - 2 bread rations
 K - a meat ration


   Skills:
 + Level 1.6 Fighting
 + Level 4.0 Dodging
 + Level 4.8 Stealth
 + Level 11.6 Spellcasting
 + Level 9.0 Conjurations
 + Level 1.0 Hexes
 + Level 8.6 Fire Magic
 + Level 2.5 Poison Magic


You had 14 spell levels left.
You knew the following spells:

 Your Spells              Type           Power        Failure   Level  Hunger
a - Flame Tongue          Conj/Fire      #####        1%          1    None
b - Dazzling Spray        Conj/Hex       #####.       1%          3    None
c - Conjure Flame         Conj/Fire      #######.     1%          3    None
d - Magic Dart            Conj           ####         1%          1    None
e - Sting                 Conj/Pois      ####         1%          1    None
f - Fireball              Conj/Fire      #######...   1%          5    ###....
g - Olgreb's Toxic Radia  Pois           ####....     4%          4    None


Dungeon Overview and Level Annotations

Branches:
Dungeon (9/15)             Temple (1/1) D:4            Lair (0/6) D:9
    Orc: D:9-12

Altars:
Ashenzari
Cheibriados
Dithmenos
Elyvilon
Fedhas
Gozag
Hepliaklqana
Kikubaaqudgha
Makhleb
Nemelex Xobeh
Okawaru
Qazlal
Ru
Sif Muna
Trog
Uskayaw
Vehumet
Xom
Zin
The Shining One
Beogh

Annotations:
D:9 Joseph


Message History

Aim: Joseph, wielding a hunting sling and wearing a leather armour (almost dead)
You feel a surge of power!
The flame tongue hits Joseph.
Joseph appears unharmed.
Joseph is almost dead.
Joseph shoots a sling bullet.
The sling bullet hits you!
Joseph shoots a sling bullet.
The sling bullet barely misses you.
Joseph shoots a sling bullet.
The sling bullet misses you.
There is a stone staircase leading up here.
Casting: Flame Tongue
Confirm with . or Enter, or press ? or * to list all spells.
Aiming: Flame Tongue
Press: ? - help, Shift-Dir - straight line, f/p - Joseph
Aim: Joseph, wielding a hunting sling and wearing a leather armour (almost dead)
You feel a surge of power!
The flame tongue hits Joseph.
Joseph appears unharmed.
Joseph is almost dead.
Joseph shoots a sling bullet.
The sling bullet hits you!
* * * LOW HITPOINT WARNING * * *
Joseph shoots a sling bullet.
The sling bullet hits you!
You die...

#...##...##.@.## #.###########
##[...#...#....# #.#
....#.......#(.# #.#
.....#######...# #.# .#####
#..@#### #.# .#### ###(.@.# #.#
##### ....#
######.#####.######...##
###......(.................#.#...
# ###########.@###........_..##
##.###....####.#.# #........#
#...# ####.....# #####
###################....##
.......................#
########################


You could see Joseph.

Vanquished Creatures
  A hippogriff (D:9)
  A wraith (D:9)
  A vampire (D:9)
  5 yaks (D:9)
  The ghost of quik the Slasher, an amateur HaSk (D:4)
  4 ice beasts
  2 orc warriors (D:8)
  3 black bears
  3 ogres
  2 sky beasts
  3 centaurs
  A big kobold (D:8)
  A bullfrog (D:8)
  2 scorpions (D:6)
  3 killer bees
  2 electric eels (D:6)
  A crimson imp (D:8)
  A centaur zombie (D:7)
  A bullfrog zombie (D:6)
  2 jellies
  5 orc priests
  5 hounds
  Crazy Yiuf (D:3)
  2 human zombies (D:9)
  A centaur skeleton (D:6)
  4 orc wizards
  Ijyb (D:3)
  An iguana (D:9)
  8 worker ants
  2 hound skeletons (D:6)
  5 mummies (D:9)
  Robin (D:3)
  2 worker ant zombies
  10 adders
  15 gnolls
  2 shadow imps
  An ooze (D:1)
  2 adder zombies
  2 adder skeletons
  2 worms
  2 dart slugs
  2 leopard geckos
  38 orcs
  5 giant cockroaches
  12 goblins
  6 hobgoblins
  7 jackals
  12 kobolds
  6 quokkas
  A ball python (D:6)
  8 bats
  3 frilled lizards
  A jackal skeleton (D:4)
  A jackal zombie (D:5)
  3 rats
219 creatures vanquished.

Notes
Turn   | Place    | Note
-------+----------+-------------------------------------------
     0 | D:1      | McKennaii the Deep Elf Fire Elementalist began the quest for the Orb.
     0 | D:1      | Reached XP level 1. HP: 10/10 MP: 6/6
   275 | D:1      | Reached XP level 2. HP: 10/15 MP: 4/8
   529 | D:1      | Reached XP level 3. HP: 19/19 MP: 7/10
   938 | D:2      | Learned a level 2 spell: Throw Flame
   942 | D:2      | Learned a level 3 spell: Conjure Flame
  1109 | D:2      | Found a snail-covered altar of Cheibriados.
  1109 | D:2      | Found a faded altar of an unknown god.
  1114 | D:2      | Found a faded altar of an unknown god.
  1116 | D:2      | Found a faded altar of an unknown god.
  1119 | D:2      | Found a faded altar of an unknown god.
  1229 | D:3      | Reached skill level 4 in Spellcasting
  1229 | D:3      | Reached XP level 4. HP: 24/24 MP: 3/12
  1534 | D:3      | Noticed Robin
  1543 | D:3      | Killed Robin
  1595 | D:3      | Noticed Ijyb
  1717 | D:3      | Killed Ijyb
  1852 | D:3      | Found a runed door.
  2250 | D:3      | Noticed Crazy Yiuf
  2285 | D:3      | Killed Crazy Yiuf
  2285 | D:3      | Reached XP level 5. HP: 28/28 MP: 2/14
  2418 | D:4      | Reached skill level 5 in Spellcasting
  2682 | D:4      | Noticed quik's ghost (amateur HaSk)
  2692 | D:4      | Killed quik's ghost
  2692 | D:4      | Reached skill level 5 in Fire Magic
  2692 | D:4      | Reached XP level 6. HP: 32/32 MP: 4/16
  2790 | D:4      | Found a staircase to the Ecumenical Temple.
  2808 | Temple   | Entered the Ecumenical Temple
  2903 | Temple   | Became a worshipper of Vehumet
  3081 | D:4      | Reached skill level 6 in Spellcasting
  3140 | D:4      | Found a stormy altar of Qazlal.
  3260 | D:4      | Reached XP level 7. HP: 36/36 MP: 12/18
  3292 | D:4      | Learned a level 5 spell: Fireball
  3531 | D:5      | Entered Level 5 of the Dungeon
  3775 | D:5      | Found a hide-covered altar of Uskayaw.
  3813 | D:5      | Noticed a dagger
  3824 | D:5      | Noticed a dagger
  3979 | D:5      | HP: 1/36 [orc/flail (2)]
  4084 | D:5      | Reached skill level 7 in Spellcasting
  4164 | D:5      | Reached * piety under Vehumet
  4164 | D:5      | Offered knowledge of Magic Dart by Vehumet.
  4223 | D:5      | Learned a level 1 spell: Magic Dart
  4360 | D:5      | Reached skill level 5 in Conjurations
  4453 | D:5      | Reached XP level 8. HP: 41/41 MP: 4/21
  5207 | D:6      | Reached skill level 8 in Spellcasting
  5409 | D:6      | Offered knowledge of Sting by Vehumet.
  5412 | D:6      | Reached ** piety under Vehumet
  5641 | D:6      | Found a burning altar of Makhleb.
  5696 | D:6      | Found a hazy altar of Hepliaklqana.
  5701 | D:6      | Reached skill level 9 in Spellcasting
  5726 | D:6      | Found a shadowy altar of Dithmenos.
  6143 | D:7      | Found an ancient bone altar of Kikubaaqudgha.
  6229 | D:7      | Reached XP level 9. HP: 37/46 MP: 12/24
  6233 | D:7      | Learned a level 1 spell: Sting
  6298 | D:7      | Found a bloodstained altar of Trog.
  6577 | D:7      | HP: 2/46 [poisoned by a worker ant]
  6585 | D:7      | HP: 2/46 [poisoned by a worker ant]
  6897 | D:8      | Reached skill level 1 in Fighting
  6900 | D:8      | Reached skill level 10 in Spellcasting
  7211 | D:8      | Found an opulent altar of Gozag.
  7298 | D:8      | Offered knowledge of Dazzling Spray by Vehumet.
  7310 | D:8      | Learned a level 3 spell: Dazzling Spray
  7653 | D:8      | Reached *** piety under Vehumet
  7656 | D:8      | Reached skill level 1 in Poison Magic
  7668 | D:8      | Offered knowledge of Olgreb's Toxic Radiance by Vehumet.
  7691 | D:8      | Found a roughly hewn altar of Beogh.
  7734 | D:8      | Learned a level 4 spell: Olgreb's Toxic Radiance
  7914 | D:9      | Noticed Joseph
  8169 | D:9      | Reached skill level 11 in Spellcasting
  8283 | D:9      | Found a staircase to the Lair.
  8335 | D:9      | Reached XP level 10. HP: 52/52 MP: 12/27
  8335 | D:9      | Reached **** piety under Vehumet
  8484 | D:9      | Found a white marble altar of Elyvilon.
  8524 | D:9      | Reached skill level 1 in Hexes
  8539 | D:9      | Shot with a sling bullet by Joseph

Skill      XL: |  1  2  3  4  5  6  7  8  9 10 |
---------------+-------------------------------+-----
Fire Magic     | 4 5 6 7 8 |  8.6
Spellcasting   | 4 5 6 7 9 11 | 11.6
Conjurations   | 2 3 5 6 8 9 |  9.0
Stealth        | 3 4 |  4.8
Dodging        | 3 4 |  4.0
Fighting       | 1 |  1.6
Poison Magic   | 2 |  2.5
Hexes          | 1 |  1.0

Action                   |  1- 3 |  4- 6 |  7- 9 | 10-12 || total
-------------------------+-------+-------+-------+-------++-------
Melee: Unarmed           |     1 |       |       |       ||     1
 Cast: Flame Tongue      |    76 |    73 |   275 |    11 ||   435
       Throw Flame       |       |     9 |    46 |       ||    55
       Conjure Flame     |       |     5 |     4 |       ||     9
       Sting             |       |       |    75 |       ||    75
       Dazzling Spray    |       |       |    14 |     4 ||    18
       Fireball          |       |       |    11 |     5 ||    16
       Magic Dart        |       |       |     2 |       ||     2
  Use: Scroll            |     2 |       |     5 |       ||     7
  Eat: Chunk             |     1 |     6 |    12 |     1 ||    20
       Bread ration      |       |       |     1 |       ||     1
Armor: Robe              |     6 |     2 |    21 |       ||    29
Dodge: Dodged            |    30 |     5 |    73 |     8 ||   116
